AoeStats
← 索娜

Arabia

508400894Analyzed
1v1 RM · 11d ago on Sep 22, 2026· 28m 53s· 2 players
Game mode
Random Map
Map size
Tiny (2 player)
Population
200
Speed
Normal
Resources
Standard
Victory
Conquest
Starting age
Dark Age
Ending age
Imperial Age
RankedLock teamsTeams togetherTeam positionsShared explorationLock speedFull tech treeHidden civsTurbo modeCheats
Victory
Defeat
🇩🇪 Magyars · Germany
1173
+15
🇹🇼 Malay · Taiwan
1154
-15
索娜
6:33 Loom
9:13 Feudal Age
10:02 Double-Bit Axe
20:26 Castle Age
19:21 Forging
21:13 Bow Saw
21:51 Squires
22:24 Gold Mining
24:16 Iron Casting
Tobstar12
4:38 Loom
6:46 Loom
9:32 Feudal Age
11:40 Double-Bit Axe
20:09 Wheelbarrow
22:42 Castle Age
21:13 Gold Mining
21:41 Horse Collar
22:37 Scale Barding Armor
23:04 Bloodlines
24:10 Chain Barding Armor
26:44 Scale Mail Armor
27:01 Husbandry
Connection lost

Rejoining the realm…

Still unreachable

The connection could not be restored.

Session expired

The server has moved on; the page needs a fresh start.